 Dungeon Crawl Stone Soup version 0.24.0-35-gdb84b6a5db (webtiles) character file.

Game seed: 5345050179361676921, levelgen mode: deterministic

81 Froggeryz the Cudgeler (level 4, -2/27 HPs)
             Began as a Gargoyle Gladiator on Nov 18, 2019.
             Slain by Crazy Yiuf
             ... wielding a +4 quarterstaff of chaos
              (3 damage)
             ... on level 2 of the Dungeon.
             The game lasted 00:01:53 (2087 turns).

Froggeryz the Cudgeler (Gargoyle Gladiator)         Turns: 2087, Time: 00:01:54

Health: -2/27      AC:  8    Str: 18    XL:     4   Next: 42%
Magic:  4/4        EV: 12    Int:  9    God:
Gold:   140        SH:  0    Dex: 11    Spells: 3/3 levels left

rFire    . . .     SeeInvis .   a - +0 flail
rCold    . . .     Gourm    .   (no shield)
rNeg     + . .     Faith    .   b - +0 leather armour
rPois    ∞         Spirit   .   c - +0 helmet
rElec    +         Reflect  .   (no cloak)
rCorr    .         Harm     .   o - +0 pair of gloves
MR       .....                  (no boots)
Stlth    +.........             (no amulet)
HPRegen  0.09/turn              (no ring)
MPRegen  0.09/turn              (no ring)

@: hasted, very quick
A: negative energy resistance 1, electricity resistance, unbreathing,
petrification resistance, rot immunity, AC +3
a: no special abilities


You were on level 2 of the Dungeon.
You were not hungry.

You visited 1 branch of the dungeon, and saw 2 of its levels.

You collected 140 gold pieces.

Inventory:

Hand Weapons
 a - a +0 flail (weapon)
Missiles
 d - 3 throwing nets (quivered)
 j - 5 curare-tipped darts
Armour
 b - a +0 leather armour (worn)
 c - a +0 helmet (worn)
 o - a +0 pair of gloves (worn)
Scrolls
 e - a scroll of random uselessness {unknown}
 g - a scroll of enchant weapon {unknown}
 h - 2 scrolls of fear {unknown}
 i - 2 scrolls of remove curse {unknown}
 k - a scroll of enchant armour {unknown}
 l - 2 scrolls of identify {unknown}
 m - a scroll of immolation {unknown}
 n - a scroll of noise {unknown}
 q - a scroll of magic mapping {unknown}
 s - a scroll of teleportation {unknown}
Comestibles
 f - 5 rations


   Skills:
 + Level 2.7 Fighting
 * Level 4.8 Maces & Flails
 - Level 1.7 Throwing
 - Level 2.4 Dodging


You had 3 spell levels left.
You didn't know any spells.
Your spell library was empty.

Dungeon Overview and Level Annotations

Branches:
Dungeon (2/15)

Altars:
Ru

Annotations:
D:2 Crazy Yiuf


Innate Abilities, Weirdness & Mutations

You are resistant to torment.
Your stone body is resilient. (AC +3)
You are immune to poison.
You resist negative energy. (rN+)
You are resistant to electric shocks. (rElec)
You can survive without breathing.
You are immune to petrification.
You are immune to rotting.


Message History

Crazy Yiuf hits you with a +4 quarterstaff of chaos!
You suddenly lose the ability to move!
Crazy Yiuf hits you with a +4 quarterstaff of chaos. x2
* * * LOW HITPOINT WARNING * * *
Crazy Yiuf freezes you.
* * * LOW HITPOINT WARNING * * *
You can move again.
You hit Crazy Yiuf.
Crazy Yiuf is heavily wounded.
Unknown command.
It was a potion of curing.
You feel better. Crazy Yiuf barely misses you.
You completely miss Crazy Yiuf.
Crazy Yiuf is heavily wounded.
You thump Crazy Yiuf!
Crazy Yiuf is almost dead.
Crazy Yiuf waves his quarterstaff at you.
Crazy Yiuf hits you with a +4 quarterstaff of chaos!
* * * LOW HITPOINT WARNING * * *
Crazy Yiuf freezes you.
You die...

.......#.........##...........<..
#....###...###############.####..
#....#.....# #......)....
#....#.#...# ##### #####.......
#....#.##### #..)# #...........
#....#.# #...# #.....######
#....#.# ... #.###.# #..
######.##### #g# #.# #.# #.#
...........# ♣♣@♣ #.# #.# #.#
.......##### ♣.♣♣ ### #.# #..
...........# ♣♣.♣ #####.# ###
#####......# ♣.♣♣ #...#.######
#.####.# ♣♣.♣♣ ###.........
#####.# #.# ♣.P.♣♣ ###.########
...##.# #.# ♣.PP.♣ #.......####
...##.# #.# #....# ###.###.....
..)...# #.####..#####...# ######


You could see Crazy Yiuf.

Vanquished Creatures
  An adder (D:2)
  2 worms (D:2)
  A dart slug (D:2)
  3 leopard geckos
  A ball python (D:2)
  11 bats
  A giant cockroach (D:1)
  7 goblins
  6 hobgoblins
  6 jackals (D:2)
  4 frilled lizards
  8 kobolds
  6 rats
57 creatures vanquished.

Notes
Turn   | Place    | Note
-------+----------+-------------------------------------------
     0 | D:1      | Froggeryz the Gargoyle Gladiator began the quest for the
                  | Orb.
     0 | D:1      | Reached XP level 1. HP: 12/12 MP: 1/1
   238 | D:1      | Reached XP level 2. HP: 17/17 MP: 2/2
   694 | D:1      | Reached skill level 4 in Maces & Flails
   726 | D:1      | Reached XP level 3. HP: 19/21 MP: 3/3
  1450 | D:2      | Reached XP level 4. HP: 27/27 MP: 4/4
  1611 | D:2      | Found a runed translucent door.
  1612 | D:2      | Noticed Crazy Yiuf
  1930 | D:2      | Found a sacrificial altar of Ru.
  2081 | D:2      | Paralysed by Crazy Yiuf for 2 turns
  2083 | D:2      | HP: 1/27 [Crazy Yiuf/+4 quarterstaff of chaos (2)]
  2087 | D:2      | Slain by Crazy Yiuf

Levels and vault maps discovered:
D:1:      dpeg_arrival_rhombi, layout_basic
D:2:      layout_basic, nicolae_ru_path_of_blood, uniq_crazy_yiuf_cottage

Skill      XL: |  1  2 |
---------------+-------+-----
Maces & Flails | 4 |  4.8
Fighting       | |  2.7
Throwing       | |  1.7
Dodging        | |  2.4

Action                   |  1- 3 |  4- 6 || total
-------------------------+-------+-------++-------
Melee: Flail             |   126 |    56 ||   182
  Use: Potion            |       |     1 ||     1
  Eat: Chunk             |     2 |     2 ||     4
Armor: Leather armour    |    71 |    37 ||   108
Dodge: Dodged            |   123 |    67 ||   190
